 Dungeon Crawl Stone Soup version 0.31-a0-233-g139696dc86 (webtiles) character file.

Game seed: 4909471544828280798

147 qw the Shooter (level 5, -6/45 HPs)
             Began as a Minotaur Hexslinger on July 8, 2023.
             Mangled by Edmund
             ... wielding a +3 heavy dire flail
              (16 damage)
             ... on level 4 of the Dungeon.
             The game lasted 00:01:08 (2670 turns).

qw the Shooter (Minotaur Hexslinger)                Turns: 2670, Time: 00:01:09

Health: -6/45      AC:  7    Str: 13      XL:     5   Next: 8%
Magic:  5/5        EV: 15    Int:  7 (10) God:
Gold:   216        SH:  0    Dex: 11 (14) Spells: 5/6 levels left

rFire   . . .        Y - +2 sling
rCold   . . .        (no shield)
rNeg    . . .        f - +0 ring mail
rPois   .            (helmet restricted)
rElec   .            c - +0 cloak
rCorr   .            (no gloves)
SInv    .            a - +0 pair of boots
Will    .....        (no amulet)
Stlth   +            i - +5 ring of evasion
HPRegen 0.27/turn    (no ring)
MPRegen 0.09/turn

%: no passive effects
@: about to teleport
A: horns 2, retaliatory headbutt
a: no special abilities


You were on level 4 of the Dungeon.
You visited 2 branches of the dungeon, and saw 5 of its levels.

You collected 216 gold pieces.


Innate Abilities, Weirdness & Mutations

You have a pair of horns on your head.
You reflexively headbutt those who attack you in melee.


   Skills:
 - Level 3.0 Fighting
 + Level 5.1 Ranged Weapons
 - Level 1.0 Armour
 - Level 2.1 Dodging
 - Level 1.0 Spellcasting
 - Level 2.0 Hexes


You had 5 spell levels left.
You knew the following spells:

 Your Spells              Type           Power      Damage    Failure   Level
a - Slow                  Hex            12%        N/A       36%         1

Your spell library contained the following spells:

 Spells                   Type           Power      Damage    Failure   Level
 Inner Flame              Hex/Fire       1%         N/A       87%         3
 Portal Projectile        Hex/Tloc       2%         N/A       87%         3
 Cause Fear               Hex            1%         N/A       98%         4

Inventory:

Hand Weapons
 Y - a +2 sling (weapon)
Armour
 a - a +0 pair of boots (worn)
 c - a +0 cloak (worn)
 f - a +0 ring mail (worn)
Jewellery
 i - a +5 ring of evasion (left hand)
Scrolls
 e - a scroll of identify
 n - a scroll of torment {unknown}
Potions
 b - a potion of attraction {unknown}
 d - a potion of might {unknown}
 g - a potion of enlightenment {unknown}
 j - a potion of mutation {unknown}
 k - a potion of brilliance {unknown}
 l - a potion of lignification {unknown}
 m - a potion of curing {unknown}

Dungeon Overview and Level Annotations

Branches:
Dungeon (4/15)             Temple (1/1) D:4

Altars:
Cheibriados
Dithmenos
Gozag
Hepliaklqana
Qazlal
Trog
Uskayaw
Vehumet
Wu Jian
Xom
Yredelemnul
Zin

Shops:
D:4 *

Annotations:
D:4 Edmund


Message History

Enter note:
Enter note:
Enter note:
Enter note:
Enter note:
Enter note:
n - a scroll labelled YKHLISIZAFA
Enter note:
Enter note:
Enter note:
Enter note:
Enter note:
Enter note: You now have 216 gold pieces (gained 11).
Edmund the Younger comes into view.
He is wielding a +3 heavy dire flail, wearing a +1 scale mail of willpower and carrying a wand of digging (7).
Edmund shouts!
Enter note:
Enter note:
Enter note:
Enter note:
Enter note:
Enter note:
Enter note:
Enter note: You shoot a sling bullet.
The sling bullet barely misses Edmund.
You shoot a sling bullet. The sling bullet closely misses Edmund.
Found a cyan potion.
You shoot a sling bullet. The sling bullet barely misses Edmund.
Edmund hits you but does no damage.
You shoot a sling bullet. The sling bullet barely misses Edmund.
Edmund hits you with a +3 heavy dire flail!!
Ouch! That really hurt!
You shoot a sling bullet.
The sling bullet hits Edmund but does no damage.
Edmund hits you with a +3 heavy dire flail!
2670 ||| READING scroll of teleportation.
As you read the scroll of teleportation, it crumbles to dust.
You feel strangely unstable.
Edmund hits you with a +3 heavy dire flail!
You die...

####..# ### #.....#
###.##
#####.....###..... #
###.........##......
##..#..........####.....
#.......................
!.....#................#
......#........##.......
......@@.....#.#.......#
.............#......####
..#.....................
####..........##.>....
##.........##......
#........ .... ##.......
.... ....... .... ....


You could see Edmund.

Vanquished Creatures
  An orc priest (D:3)
  An iguana (D:4)
  An adder (D:2)
  2 worms
  A dart slug (D:1)
  4 orcs
  7 ball pythons
  4 endoplasms
  2 giant cockroaches
  8 goblins
  11 hobgoblins
  4 jackals (D:1)
  5 quokkas
  4 bats
  3 frilled lizards
  3 kobolds (D:3)
  6 rats
67 creatures vanquished.

Notes
Turn   | Place    | Note
-------+----------+-------------------------------------------
     0 | D:1      | qw the Minotaur Hexslinger began the quest for the Orb.
     0 | D:1      | Reached XP level 1. HP: 16/16 MP: 1/1
     0 | D:1      | 0 ||| qw: Version: 0.3-a-46-gb1f654a
     0 | D:1      | 0 ||| qw: Game counter: 3605
     0 | D:1      | 0 ||| qw: Melee chars always use a shield: true
     0 | D:1      | 0 ||| qw: God list: Okawaru
     0 | D:1      | 0 ||| qw: Allow faded altars: false
     0 | D:1      | 0 ||| qw: Do Orc after clearing Dungeon:15 true
     0 | D:1      | 0 ||| qw: Do second Lair branch before Depths: true
     0 | D:1      | 0 ||| qw: Lair rune preference: random
     0 | D:1      | 0 ||| qw: Goals: Normal
     0 | D:1      | 0 ||| PLANNING D:1-11
   100 | D:1      | HP: 4/16 [goblin/+0 dagger (1)]
   188 | D:1      | Reached skill level 3 in Ranged Weapons
   188 | D:1      | Reached XP level 2. HP: 23/23 MP: 2/2
   288 | D:1      | 288 ||| FLEEEEING.
   289 | D:1      | 289 ||| FLEEEEING.
   290 | D:1      | 290 ||| FLEEEEING.
   291 | D:1      | 291 ||| FLEEEEING.
   293 | D:1      | 293 ||| FLEEEEING.
   297 | D:1      | 297 ||| FLEEEEING.
   298 | D:1      | 298 ||| FLEEEEING.
   301 | D:1      | 301 ||| FLEEEEING.
   307 | D:1      | 307 ||| FLEEEEING.
   308 | D:1      | 308 ||| FLEEEEING.
   422 | D:1      | Found a faded altar of an unknown god.
   541 | D:1      | Reached XP level 3. HP: 29/29 MP: 3/3
   625 | D:1      | 625 ||| UPGRADING to +0 ring mail.
   635 | D:1      | 635 ||| DROPPING +0 robe.
   636 | D:1      | 636 ||| READING scroll labelled WIKOUPLONIQ.
   637 | D:1      | 637 ||| DROPPING scroll of poison.
   963 | D:2      | Reached skill level 4 in Ranged Weapons
  1282 | D:2      | Reached skill level 1 in Armour
  1388 | D:2      | 1388 ||| UPGRADING to +5 ring of evasion.
  1389 | D:2      | 1389 ||| READING scroll labelled UHORO QIETT.
  1390 | D:2      | 1390 ||| READING 2 scrolls labelled QINGUN ZEXT.
  1391 | D:2      | 1391 ||| READING 2 scrolls labelled WYKYUCWO SICS.
  1392 | D:2      | 1392 ||| READING scroll labelled LAKIQI HYD ATE.
  1393 | D:2      | 1393 ||| READING scroll labelled FOILLI REDOH.
  1394 | D:2      | 1394 ||| DROPPING scroll of fog.
  1738 | D:3      | 1738 ||| Stepping ~*~*~tactically~*~*~ (outnumbered).
  1740 | D:3      | Reached XP level 4. HP: 34/36 MP: 4/4
  2012 | D:3      | Reached skill level 5 in Ranged Weapons
  2031 | D:3      | Found a basalt altar of Yredelemnul.
  2108 | D:3      | 2108 ||| UPGRADING to +0 cloak.
  2113 | D:3      | 2113 ||| READING 2 scrolls labelled YPSUGE OLIONKIXT.
  2117 | D:3      | 2117 ||| READING scroll labelled ETENWA FINEILU.
  2118 | D:3      | 2118 ||| READING scroll labelled KAOT RARAXO.
  2119 | D:3      | 2119 ||| DRINKING 3 viscous inky potions.
  2120 | D:3      | 2120 ||| DROPPING 2 potions of degeneration.
  2197 | D:4      | Reached skill level 3 in Fighting
  2197 | D:4      | Reached XP level 5. HP: 45/45 MP: 5/5
  2280 | D:4      | Found Gozag's Platinum Reserve.
  2282 | D:4      | Found an opulent altar of Gozag.
  2330 | D:4      | 2330 ||| SHOPLISTING amulet "Uvanone" {Spirit rElec rC-
                  | Dex+2} (4120 gold, have 202).
  2373 | D:4      | Found a staircase to the Ecumenical Temple.
  2374 | D:4      | 2374 ||| PLANNING TEMPLE
  2374 | D:4      | 2374 ||| UPGRADING to +0 pair of boots.
  2387 | Temple   | Entered the Ecumenical Temple
  2565 | Temple   | 2565 ||| PLANNING D:1-11
  2663 | D:4      | Noticed Edmund
  2669 | D:4      | HP: 9/45 [Edmund/+3 heavy dire flail (11)]
  2670 | D:4      | 2670 ||| READING scroll of teleportation.
  2670 | D:4      | Mangled by Edmund

Levels and vault maps discovered:
D:1:      eino_arrival_cavern_a, layout_basic,
          hellmonk_ecumenical_altar_leap_of_faith
D:2:      layout_loops_ring, kennysheep_cross_room
D:3:      layout_loops_cross, mainiacjoe_overflow_alcove_4,
          hangedman_abyss_or_decor_lesser_grid
D:4:      layout_cave_pools, mainiacjoe_overflow_chevrons,
          nicolae_gozag_zags_fifth_avenue, temple_hall, uniq_edmund
Temple:   jpeg_temple_alley_garden

Skill      XL: |  1  2  3  4 |
---------------+-------------+-----
Ranged Weapons | 3 4 5 |  5.1
Fighting       | 2 3 |  3.0
Armour         | 1 |  1.0
Dodging        | |  2.1
Spellcasting   | |  1.0
Hexes          | |  2.0

Action                     |  1- 3 |  4- 6 || total
---------------------------+-------+-------++-------
   Fire: Sling             |   146 |    84 ||   230
    Use: Scroll            |     6 |     4 ||    10
         Potion            |       |     1 ||     1
 Armour: Robe              |     7 |       ||     7
         Ring mail         |     9 |     6 ||    15
  Dodge: Dodged            |    61 |    23 ||    84

Table legend:
 A = Non-vault XP
 B = Vault XP
 C = Vault XP percentage of total XP
 D = Non-vault monster count
 E = Vault monster count
 F = Vault count percentage of total count
                 A         B        C        D         E       F
            +---------+---------+-------+---------+---------+-------
      Total |     211 |       0 |   0.0 |      67 |       0 |   0.0
            +---------+---------+-------+---------+---------+-------
        D:1 |      42 |       0 |   0.0 |      22 |       0 |   0.0
        D:2 |      43 |       0 |   0.0 |      17 |       0 |   0.0
        D:3 |      68 |       0 |   0.0 |      17 |       0 |   0.0
        D:4 |      58 |       0 |   0.0 |      11 |       0 |   0.0
            +---------+---------+-------+---------+---------+-------
